 Dungeon Sprint DCSS version 0.21-a0-221-gfe971b9 (webtiles) character file.

70 Flowchart the Slasher (level 4, -6/35 HPs)
             Began as a Demonspawn Berserker on Aug 25, 2017.
             Was a Priest of Trog.
             Mangled by a phantom (7 damage)
             ... in the Dungeon (Sprint IX: "|||||||||||||||||||||||||||||").
             The game lasted 00:00:32 (181 turns).

Flowchart the Slasher (Demonspawn Berserker)         Turns: 181, Time: 00:00:33

Health: -6/35      AC:  2    Str: 17    XL:     4   Next: 4%
Magic:  4/4        EV: 12    Int:  8    God:    Trog [***...]
Gold:   0          SH:  0    Dex: 14    Spells: 3/3 levels left

rFire    . . .     SeeInvis .   a - +0 falchion
rCold    . . .     Gourm    .   (no shield)
rNeg     . . .     Faith    .   b - +0 animal skin
rPois    .         Spirit   .   (no helmet)
rElec    .         Reflect  .   (no cloak)
rCorr    .         Harm     .   (no gloves)
MR       .....     NoTele   +   (no boots)
Stlth    +.........             (no amulet)
HPRegen  0.11/turn              (no ring)
MPRegen  0.09/turn              (no ring)

@: no status effects
A: demonic guardian 1, spiny 1
a: Berserk, Trog's Hand, Burn Spellbooks, Renounce Religion


You were in the Dungeon.
You worshipped Trog.
Trog was most pleased with you.
You were not hungry.

You visited 1 branch

Inventory:

Hand Weapons
 a - a +0 falchion (weapon)
Armour
 b - a +0 animal skin (worn)
Scrolls
 i - a scroll of blinking
Potions
 d - a potion of curing
 e - a potion of heal wounds
 f - a potion of haste
 g - 2 potions of magic
 h - a potion of berserk rage
Comestibles
 c - a bread ration


   Skills:
 - Level 3.0 Fighting
 + Level 7.7 Long Blades
 - Level 1.7 Armour
 - Level 1.7 Dodging


You had 3 spell levels left.
You didn't know any spells.

Dungeon Overview and Level Annotations

Branches:
Dungeon (1/1)

Altars:


Innate Abilities, Weirdness & Mutations

A weak demonic guardian rushes to your aid.
You are partially covered in sharp spines.


Message History

The phantom is moderately damaged.
The phantom hits you.
You hit the phantom.
The phantom is heavily damaged.
The phantom hits you.
You closely miss the phantom.
The phantom is heavily damaged.
You hit the phantom but do no damage.
The phantom is heavily damaged.
The phantom hits you.
You barely miss the phantom.
The phantom is heavily damaged.
You recover from your berserk rage.
Your iron imp disappears in a puff of smoke!
The phantom is struck by your spines. The phantom hits you!
* * * LOW HITPOINT WARNING * * *
You hit the phantom but do no damage.
The phantom is heavily damaged.
The phantom hits you!
You die...

▓.▓
▓.▓
▓)▓
▓.▓
▓.▓
▓'▓
▓5▓
▓§▓
▓@▓
▓W▓
▓.▓
▓+▓


You could see a phantom and a friendly white imp.

Vanquished Creatures
  A crimson imp (D)
  A dart slug (D)
  A leopard gecko (D)
  A bat (D)
  A jackal (D)
  A kobold (D)
  2 frilled lizards (D)
8 creatures vanquished.

Vanquished Creatures (collateral kills)
  A crimson imp (D)
1 creature vanquished.

Grand Total: 9 creatures vanquished

Notes
Turn   | Place    | Note
-------+----------+-------------------------------------------
     0 | D        | Flowchart the Demonspawn Berserker began the quest for the Orb.
     0 | D        | Reached XP level 1. HP: 18/18 MP: 1/1
     6 | D        | Reached skill level 3 in Long Blades
    11 | D        | Reached ** piety under Trog
    15 | D        | Reached skill level 4 in Long Blades
   118 | D        | Noticed a crimson imp
   118 | D        | Noticed a crimson imp
   118 | D        | Noticed a phantom
   130 | D        | Killed a crimson imp
   130 | D        | Reached skill level 6 in Long Blades
   130 | D        | Gained mutation: A weak demonic guardian rushes to your aid. [demonic ancestry]
   130 | D        | Reached XP level 2. HP: 24/24 MP: 2/2
   130 | D        | Reached XP level 3. HP: 28/29 MP: 3/3
   134 | D        | Reached *** piety under Trog
   140 | D        | Reached skill level 7 in Long Blades
   140 | D        | Gained mutation: You are partially covered in sharp spines. [demonic ancestry]
   140 | D        | Reached XP level 4. HP: 13/35 MP: 4/4
   180 | D        | HP: 1/35 [phantom (10)]
   181 | D        | Mangled by a phantom

Vault maps used:
D:        linesprint

Skill      XL: |  1  2  3 |
---------------+----------+-----
Long Blades    | 6 7 |  7.7
Fighting       | |  3.0
Armour         | |  1.7
Dodging        | |  1.7

Action                   |  1- 3 |  4- 6 || total
-------------------------+-------+-------++-------
Melee: Falchion          |    29 |     9 ||    38
Invok: Berserk           |     1 |       ||     1
       Trog's Hand       |       |     1 ||     1
Armor: Animal skin       |     3 |       ||     3
Dodge: Dodged            |    19 |     3 ||    22
       Rpst.: Falchion   |     8 |     1 ||     9

Table legend:
 A = Spawn XP
 B = Non-spawn XP
 C = Spawn XP percentage of total XP
 D = Spawn monster count
 E = Non-spawn monster count
 F = Spawn count percentage of total count
 G = Total turns spent on level
                    A         B        C        D         E        F      G
               +---------+---------+-------+---------+---------+-------+---------
         Total |       0 |     101 |   0.0 |       0 |       9 |   0.0 |   181
               +---------+---------+-------+---------+---------+-------+---------
             D |       0 |     101 |   0.0 |       0 |       9 |   0.0 |   181
               +---------+---------+-------+---------+---------+-------+---------
